 Dungeon Crawl Stone Soup version 0.23.2-1-ga50397a (webtiles) character file.

Game seed: 9246931354710077190

34420 Fang the Fighter (level 13, -1/87 HPs)
             Began as a Gargoyle Berserker on May 30, 2019.
             Was an Elder of Trog.
             Shot with an arrow by Nessos (15 damage)
             ... on level 5 of the Lair of Beasts.
             The game lasted 00:22:56 (17235 turns).

Fang the Fighter (Gargoyle Berserker)              Turns: 17235, Time: 00:22:56

Health: -1/87      AC: 29    Str: 26    XL:     13   Next: 77%
Magic:  13/13      EV: 11    Int:  8    God:    Trog [****..]
Gold:   960        SH:  0    Dex:  9    Spells: 12/12 levels left

rFire    . . .     SeeInvis +   q - +4 broad axe (holy)
rCold    . . .     Gourm    .   (no shield)
rNeg     + . .     Faith    .   b - +1 plate armour
rPois    ∞         Spirit   .   (no helmet)
rElec    +         Reflect  .   s - +2 cloak {+Inv}
rCorr    .         Harm     .   (no gloves)
MR       ++...                  (no boots)
Stlth    ..........             (no amulet)
HPRegen  1.24/turn              r - ring of see invisible
MPRegen  0.13/turn              o - +2 ring of slaying

@: regenerating
A: negative energy resistance 1, electricity resistance, unbreathing,
petrification resistance, rot immunity, AC +9
a: Berserk, Trog's Hand, Brothers in Arms, Renounce Religion, Evoke Invisibility


You were on level 5 of the Lair of Beasts.
You worshipped Trog.
Trog was greatly pleased with you.
You were hungry.

You visited 3 branches of the dungeon, and saw 17 of its levels.

You collected 960 gold pieces.

Inventory:

Hand Weapons
 a - a +1 war axe
 q - a +4 broad axe of holy wrath (weapon)
 G - a +2 battleaxe of chopping
Armour
 b - a +1 plate armour (worn)
 s - a +2 cloak of invisibility (worn)
Jewellery
 d - an uncursed ring of protection from magic
 g - an uncursed ring of protection from cold
 j - an uncursed ring of flight
 o - a +2 ring of slaying (right hand)
 r - a ring of see invisible (left hand)
 z - an uncursed ring of stealth
 D - an uncursed ring of positive energy
 E - the ring of Optimism {Ice +Fly rPois Int-2}
   (You found it on level 7 of the Dungeon)

   [ring of ice]

   It enhances your ice magic.
   It affects your intelligence (-2).
   It makes you vulnerable to fire.
   It protects you from cold.
   It protects you from poison.
   It lets you fly.
 J - a +1 ring of evasion
Wands
 h - a wand of acid (14)
 p - a wand of scattershot (13)
 v - a wand of disintegration (13)
 w - a wand of random effects (36)
 y - a wand of iceblast (18)
 A - a wand of digging (7)
Scrolls
 l - 5 scrolls of fog
 n - 8 scrolls of teleportation
 x - 8 scrolls of remove curse
 B - 3 scrolls of blinking
Potions
 e - 2 potions of ambrosia
 i - a potion of berserk rage
 k - 4 potions of mutation
 m - a potion of resistance
 t - 5 potions of haste
 u - 3 potions of flight
 C - 2 potions of might
 I - a potion of agility
Comestibles
 c - 34 rations


   Skills:
 + Level 12.9 Fighting
 + Level 11.0 Axes
 + Level 12.7 Armour
 + Level 10.1 Dodging


You had 12 spell levels left.
You didn't know any spells.
Your spell library was empty.

Dungeon Overview and Level Annotations

Branches:
Dungeon (11/15)            Temple (1/1) D:4            Lair (5/6) D:8
  Swamp (0/4) Lair:3        Snake (0/4) Lair:3
  Slime: Lair:5-6       Orc: D:9-12

Altars:
Ashenzari
Elyvilon
Fedhas
Gozag
Makhleb
Nemelex Xobeh
Okawaru
Qazlal
Sif Muna
Uskayaw
Xom
Yredelemnul
Zin
The Shining One

Shops:
D:9 ?   D:11 ***?

Annotations:
D:6 2 transporters
Lair:3 exclusion: oklob plant
Lair:5 Nessos


Innate Abilities, Weirdness & Mutations

You are resistant to torment.
Your stone body is resilient. (AC +9)
You are immune to poison.
You resist negative energy. (rN+)
You are resistant to electric shocks. (rElec)
You can survive without breathing.
You are immune to petrification.
You are immune to rotting.


Message History

* * * LOW HITPOINT WARNING * * *
The arrow burns you.
* * * LOW HITPOINT WARNING * * *
Nessos blinks!
Nessos shoots an arrow.
The arrow hits you.
* * * LOW HITPOINT WARNING * * *
The arrow burns you.
* * * LOW HITPOINT WARNING * * *
You see here an arrow.
Nessos shoots an arrow.
The arrow hits you.
* * * LOW HITPOINT WARNING * * *
The arrow burns you.
* * * LOW HITPOINT WARNING * * *
Nessos shoots an arrow.
The arrow hits you.
* * * LOW HITPOINT WARNING * * *
The arrow burns you.
* * * LOW HITPOINT WARNING * * *
You see here 2 arrows.
Okay, then.
You feel better.
Nessos shoots an arrow.
The arrow hits you!
You die...

.... ........P.?........# ....
....(..............### ....
......?.......P.P....# ....
..............PPP..### ....
...(........#.PP...## ....#.
....?........#.P....# .......
....................## .......
.......((............# ....≈≈≈
.......@.............# ....≈≈≈
........(..c........#.#
.P..≈≈##
.......((............## ....≈≈≈
.......P............P# ....≈#
..............(......# ....≈#
........#..P........##
....≈###≈......#.#...........#
....≈≈≈≈≈........##...........#
....≈≈# ≈.P##....#...........##


You could see Nessos.

Vanquished Creatures
  Rupert (Lair:4)
  Josephine (D:10)
  2 hydras
  4 two-headed ogres
  2 wizards (D:11)
  4 deep elf magi (D:11)
  7 elephants (Lair:5)
  Maurice (D:8)
  3 black mambas
  9 spiny frogs
  4 komodo dragons
  A rime drake (Lair:2)
  A hornet (D:10)
  A polar bear (Lair:1)
  5 bog bodies (Lair:3)
  7 hippogriffs
  8 blink frogs
  3 wraiths (D:10)
  A vampire (D:10)
  A human (D:7)
  Eustachio (D:5)
  12 yaks
  4 hogs (D:7)
  A basilisk (Lair:1)
  2 steam dragons
  A fire elemental (D:11)
  A hungry ghost (D:11)
  Edmund (D:5)
  A swamp worm (Lair:3)
  5 nagas (Lair:3)
  7 water moccasins
  13 porcupines
  4 orc warriors
  3 black bears
  6 ice beasts
  3 sky beasts (D:11)
  4 ogres
  6 centaurs
  5 crocodiles
  13 bullfrogs
  A wyvern skeleton (D:9)
  9 scorpions
  15 killer bees
  3 wights (D:6)
  2 electric eels
  9 howler monkeys
  A bullfrog zombie (D:10)
  3 hounds
  2 quasits
  6 crimson imps
  3 bullfrog skeletons
  2 jellies
  2 orc wizards
  An orc priest (D:3)
  Crazy Yiuf (D:6)
  4 centaur skeletons
  7 iguanas
  Natasha (thrice) (D:2)
  10 worker ants
  A killer bee zombie (D:7)
  A hound zombie (D:11)
  2 hound skeletons
  A gnoll (D:1)
  A howler monkey skeleton (D:4)
  8 adders
  A shadow imp (D:9)
  An ooze (D:2)
  2 adder skeletons
  3 worms
  2 dart slugs (D:2)
  3 leopard geckos
  24 orcs
  2 giant cockroaches (D:3)
  9 goblins
  6 hobgoblins
  5 jackals
  6 kobolds
  3 quokkas
  4 ball pythons
  3 bats
  3 frilled lizards
  4 rats
  2 fungi (D:8)
  2 plants (Lair:2)
342 creatures vanquished.

Vanquished Creatures (collateral kills)
  A hydra (Lair:2)
1 creature vanquished.

Vanquished Creatures (others)
  A bush (Lair:1)
  A fungus (D:8)
  16 toadstools (Lair:3)
18 creatures vanquished.

Grand Total: 361 creatures vanquished

Notes
Turn   | Place    | Note
-------+----------+-------------------------------------------
     0 | D:1      | Fang the Gargoyle Berserker began the quest for the Orb.
     0 | D:1      | Reached XP level 1. HP: 14/14 MP: 1/1
   137 | D:1      | Reached XP level 2. HP: 19/19 MP: 2/2
   526 | D:1      | Reached XP level 3. HP: 21/23 MP: 3/3
   607 | D:1      | Found a sparkling altar of Nemelex Xobeh.
  1033 | D:2      | Noticed Natasha
  1038 | D:2      | Killed Natasha
  1085 | D:2      | Reached XP level 4. HP: 29/29 MP: 4/4
  1127 | D:2      | Noticed Natasha
  1139 | D:2      | Killed Natasha
  1232 | D:2      | Noticed a fire elemental
  1234 | D:2      | Found a stormy altar of Qazlal.
  1237 | D:2      | Noticed an air elemental
  1258 | D:2      | Reached ** piety under Trog
  1503 | D:2      | Noticed an earth elemental
  1503 | D:2      | Noticed a water elemental
  1547 | D:2      | Noticed Natasha
  1559 | D:2      | Killed Natasha
  1559 | D:2      | Reached XP level 5. HP: 23/33 MP: 5/5
  1773 | D:3      | Found a hide-covered altar of Uskayaw.
  1891 | D:3      | Reached XP level 6. HP: 23/39 MP: 6/6
  2781 | D:3      | Found a burning altar of Makhleb.
  2991 | D:4      | Reached skill level 5 in Fighting
  2991 | D:4      | Reached XP level 7. HP: 44/44 MP: 7/7
  3123 | D:4      | Reached *** piety under Trog
  3237 | D:4      | Found a staircase to the Ecumenical Temple.
  3247 | Temple   | Entered the Ecumenical Temple
  3468 | D:5      | Entered Level 5 of the Dungeon
  3617 | D:5      | Found a glowing golden altar of the Shining One.
  3662 | D:5      | Noticed Edmund
  3673 | D:5      | Killed Edmund
  3673 | D:5      | Reached skill level 5 in Armour
  3821 | D:5      | Noticed Eustachio
  3841 | D:5      | Killed Eustachio
  3841 | D:5      | Reached XP level 8. HP: 51/51 MP: 8/8
  4319 | D:5      | Found an iron altar of Okawaru.
  4496 | D:6      | Reached skill level 5 in Axes
  4548 | D:6      | Found a transporter.
  4548 | D:6      | Noticed an orc sorcerer
  4548 | D:6      | Noticed a kobold demonologist
  4731 | D:6      | Found a transporter.
  4759 | D:6      | Found a runed translucent door.
  4760 | D:6      | Noticed Crazy Yiuf
  4930 | D:6      | Found an opulent altar of Gozag.
  5320 | D:6      | Killed Crazy Yiuf
  5320 | D:6      | Reached XP level 9. HP: 56/56 MP: 9/9
  5424 | D:7      | Got a scorched jade ring
  5445 | D:7      | Found an opulent altar of Gozag.
  5465 | D:7      | Reached skill level 5 in Dodging
  5467 | D:7      | Identified the ring of Optimism {Ice +Fly rPois Int-2} (You
                  | found it on level 7 of the Dungeon)
  5553 | D:7      | Found a deep blue altar of Sif Muna.
  5656 | D:7      | Found a basalt altar of Yredelemnul.
  5787 | D:7      | Reached **** piety under Trog
  5975 | D:7      | Found a white marble altar of Elyvilon.
  6506 | D:8      | Reached XP level 10. HP: 64/64 MP: 10/10
  6681 | D:8      | Found a staircase to the Lair.
  7018 | D:8      | Found a glowing silver altar of Zin.
  7021 | D:8      | Noticed an angel
  7073 | D:8      | Reached ***** piety under Trog
  7194 | D:8      | Found a shimmering altar of Xom.
  7199 | D:8      | Noticed Maurice
  7725 | Lair:1   | Entered Level 1 of the Lair of Beasts
  7818 | D:9      | Found a shattered altar of Ashenzari.
  7910 | D:9      | Found Lueryph Ypos's Magic Scroll Emporium.
  7980 | D:9      | Noticed a two-headed ogre
  7991 | D:9      | Killed a two-headed ogre
  8483 | D:10     | Entered Level 10 of the Dungeon
  8600 | D:10     | Reached XP level 11. HP: 68/71 MP: 11/11
  8757 | D:10     | Noticed a two-headed ogre
  8768 | D:10     | Killed a two-headed ogre
  8839 | D:10     | Received a gift from Trog
  8884 | D:10     | Noticed a two-headed ogre
  8897 | D:10     | Killed a two-headed ogre
  8897 | D:10     | Reached skill level 10 in Fighting
  8972 | D:10     | Noticed Josephine
  8989 | D:10     | Killed Josephine
  8989 | D:10     | Reached skill level 10 in Armour
  9613 | D:11     | Found Toacyth's Magic Scroll Emporium.
  9634 | D:11     | Found Hubbil's Assorted Antiques.
  9706 | D:11     | Noticed a deep elf mage
  9708 | D:11     | Noticed a deep elf mage
  9714 | D:11     | Killed a deep elf mage
  9723 | D:11     | Killed a deep elf mage
  9855 | D:11     | Noticed a deep elf mage
  9872 | D:11     | Killed a deep elf mage
  9935 | D:11     | Noticed a deep elf mage
 10025 | D:11     | Killed a deep elf mage
 10177 | D:11     | Found Myer's General Store.
 10225 | D:11     | Reached XP level 12. HP: 60/79 MP: 12/12
 10402 | D:11     | Found Namenico's Assorted Antiques.
 10453 | D:11     | Noticed a two-headed ogre
 10458 | D:11     | Killed a two-headed ogre
 10698 | D:11     | Paralysed by a wizard for 3 turns
 11084 | D:8      | Killed Maurice
 11268 | Lair:1   | Noticed a six-headed hydra
 11283 | Lair:1   | Killed a 16-headed hydra
 12034 | Lair:1   | Received a gift from Trog
 12767 | Lair:2   | Reached skill level 10 in Axes
 12925 | Lair:2   | Noticed a four-headed hydra
 12932 | Lair:2   | Killed a five-headed hydra
 13575 | Lair:2   | Noticed a seven-headed hydra
 13594 | Lair:2   | Killed an 18-headed hydra
 13808 | Lair:2   | Reached XP level 13. HP: 60/86 MP: 13/13
 14592 | Lair:3   | Found a staircase to the Snake Pit.
 14719 | Lair:3   | Found a blossoming altar of Fedhas.
 15027 | Lair:3   | Found a staircase to the Swamp.
 16509 | Lair:5   | Noticed Rupert
 16516 | Lair:5   | Paralysed by Rupert for 4 turns
 16568 | Lair:4   | Killed Rupert
 16791 | Lair:5   | Reached skill level 10 in Dodging
 17215 | Lair:5   | Noticed Nessos
 17234 | Lair:5   | HP: 3/87 [Nessos/arrow (2)]
 17235 | Lair:5   | Shot with an arrow by Nessos

Skill      XL: |  1  2  3  4  5  6  7  8  9 10 11 12 13 |
---------------+----------------------------------------+-----
Axes           | 3 4 5 6 8 9 10 11 | 11.0
Dodging        | 2 3 4 5 7 8 9 10 | 10.1
Armour         | 3 4 5 6 7 9 10 11 12 | 12.7
Fighting       | 4 5 6 8 9 10 12 | 12.9

Action                   |  1- 3 |  4- 6 |  7- 9 | 10-12 | 13-15 || total
-------------------------+-------+-------+-------+-------+-------++-------
Melee: Hand axe          |    66 |   200 |   291 |       |       ||   557
       War axe           |       |       |    50 |   293 |       ||   343
       Broad axe         |       |       |       |   348 |   210 ||   558
Invok: Berserk           |     1 |     2 |     6 |    13 |     5 ||    27
       Trog's Hand       |       |       |       |     1 |     4 ||     5
       Brothers in Arms  |       |       |       |     1 |     1 ||     2
  Use: Scroll            |       |       |     8 |    21 |     4 ||    33
       Potion            |       |       |       |     1 |     5 ||     6
  Eat: Chunk             |     1 |     8 |    16 |    37 |    16 ||    78
       Ration            |       |       |       |     1 |       ||     1
Armor: Animal skin       |    11 |       |       |       |       ||    11
       Plate armour      |    25 |   129 |   268 |   715 |   249 ||  1386
Dodge: Dodged            |    30 |    77 |   169 |   465 |   189 ||   930
